Map: Whispers of Gold

Players

ImAnoob

  • Race: Protoss Protoss
  • League: Grandmaster
  • Spawn Location: 5:00

cheesemaniac (uThermal) - Winner!

  • Race: Terran Terran
  • League: Master
  • Spawn Location: 9:00

VOD

Have the link to the VOD?

Description

Time

  • Played on: March 24, 2025, 6:36 p.m.
  • Length: 11:03
Show
View Real Time Build Order
Export as new Build Order

ImAnoob Protoss 

Build Orders: 1 Gate Expand, Archon Immortal, Blink Stalkers 

Get SALT Encoding   

  12  0:00  Probe  
  13  0:13  Probe  
  14  0:18  Pylon  
  14  0:25  Probe  
  15  0:33  Probe  
  15  0:38  Gateway  
  15  0:41  Probe  
  16  0:48  Assimilator  
  17  0:51  Probe  
  18  1:03  Probe  
  19  1:15  Probe  
  20  1:25  Cybernetics Core  
  20  1:37  Nexus  
  20  1:43  Pylon  
  20  1:48  Probe  
  20  1:52  Adept  
  20  1:54  Assimilator  
  21  2:00  Probe  
  22  2:06  Warp Gate  
  24  2:12  Probe  
  24  2:13  Adept  
  27  2:24  Probe  
  28  2:36  Probe  
  28  2:41  Twilight Council  
  28  2:48  Probe  
  28  2:50  Probe  
  28  2:51  Blink  
  29  2:58  Probe  
  29  3:01  Probe  
  31  3:06  Probe  
  31  3:08  Gateway  
  32  3:13  Probe  
  32  3:18  Probe  
  34  3:25  Probe  
  35  3:30  Probe  
  35  3:31  Robotics Facility  
  36  3:37  Probe  
  37  3:42  Probe  
  37  3:46  Gateway  
  38  3:49  Probe  
  38  3:55  Probe  
  40  3:56  Stalker  
  40  4:01  Probe  
  43  4:03  Stalker  
  43  4:06  Pylon  
  43  4:07  Probe  
  46  4:16  Pylon  
  46  4:17  Assimilator  
  46  4:24  Probe x2  
  48  4:26  Warp Prism  
  50  4:31  Shield Battery  
  50  4:36  Pylon, Probe  
  51  4:40  Stalker  
  53  4:55  Stalker  
  54  5:00  Probe  
  54  5:05  Stalker x2  
  54  5:06  Probe  
  58  5:13  Probe  
  58  5:19  Stalker, Probe  
  61  5:42  Stalker x3  
  66  5:47  Nexus  
  66  5:54  Pylon, Probe x2  
  68  5:59  Observer  
  68  6:01  Charge  
  69  6:06  Probe  
  69  6:07  Immortal  
  69  6:10  Pylon  
  70  6:12  Probe  
  70  6:14  Forge  
  70  6:18  Probe  
  72  6:24  Probe  
  77  6:30  Probe  
  77  6:31  Zealot x2  
  82  6:36  Probe  
  82  6:39  Zealot  
  83  6:42  Probe  
  83  6:44  Gateway  
  83  6:46  Pylon  
  84  6:48  Protoss Ground Weapons Level 1, Probe  
  85  6:56  Probe  
  85  6:58  Probe  
  85  7:01  Gateway, Probe  
  86  7:08  Probe x2  
  86  7:10  Gateway  
  86  7:14  Robotics Bay  
  87  7:18  Probe  
  87  7:19  Probe  
  87  7:21  Zealot x2  
  93  7:24  Probe  
  93  7:29  Observer  
  95  7:36  Gateway  
  95  7:37  Pylon  
  95  7:40  Nexus, Photon Cannon  
  95  7:41  Probe  
  95  7:43  Pylon  
  96  7:47  Gateway  
  96  7:50  Pylon  
  96  8:00  Zealot x4  
  96  8:02  Probe  
  96  8:03  Probe  
  96  8:04  Pylon  
  106  8:08  Photon Cannon, Probe  
  107  8:12  Templar Archives, Immortal  
  107  8:14  Probe  
  107  8:15  Probe  
  109  8:20  Photon Cannon  
  109  8:26  Probe  
  112  8:27  Probe  
  112  8:39  Probe  
  113  8:41  Zealot x6  
  113  8:43  Immortal  
  126  8:48  Robotics Facility  
  126  8:50  High Templar x2  
  126  8:51  Probe  
  134  8:57  Archon  
  134  8:58  Probe  
  136  9:08  Stalker  
  136  9:10  Stalker x2  
  140  9:19  Probe  
  140  9:21  High Templar x2  
  140  9:22  Zealot x3  
  140  9:23  Immortal  
  151  9:25  Photon Cannon  
  151  9:28  Probe  
  151  9:29  Probe  
  156  9:38  Gateway  
  156  9:41  Pylon  
  156  9:48  Pylon  
  156  9:56  Immortal  
  156  9:57  Zealot  
  156  9:59  Archon  
  156  10:08  Probe  
  156  10:11  Zealot x3  
  156  10:12  Zealot x4  
  156  10:13  Immortal  
  101  10:28  Zealot  
  101  10:34  Zealot x8  
  85  10:50  Zealot  
  85  10:54  Zealot x4  
  85  10:55  Zealot x3  
Show
View Real Time Build Order
Export as new Build Order

cheesemaniac Terran - Winner!

Build Orders: Reaper Expand, Mech 

Get SALT Encoding   

  12  0:00  SCV  
  13  0:12  SCV  
  14  0:17  Supply Depot  
  14  0:24  SCV  
  15  0:39  SCV  
  15  0:40  Barracks  
  16  0:44  Refinery  
  16  0:51  SCV  
  17  1:03  SCV  
  18  1:15  SCV  
  19  1:27  Reaper, Orbital Command  
  20  1:49  Command Center  
  20  1:53  SCV  
  20  1:59  Marine  
  21  2:03  Supply Depot  
  21  2:05  SCV  
  22  2:13  Factory  
  22  2:17  SCV  
  23  2:27  Barracks Reactor  
  23  2:29  SCV  
  24  2:31  Refinery  
  24  2:41  SCV  
  25  2:53  SCV  
  25  2:57  Hellion  
  27  2:59  Starport  
  27  3:01  Orbital Command  
  27  3:03  Marine x2  
  29  3:07  SCV  
  30  3:19  SCV  
  31  3:21  Marine x2, Widow Mine  
  31  3:26  SCV  
  36  3:29  Bunker  
  36  3:31  SCV  
  37  3:43  SCV x2  
  37  3:44  Widow Mine, Medivac  
  43  3:51  Supply Depot  
  44  3:55  SCV x2  
  45  4:06  Command Center  
  45  4:08  SCV  
  46  4:11  Factory Tech Lab  
  46  4:13  SCV  
  46  4:14  Starport Tech Lab  
  47  4:21  Marine x2  
  47  4:22  SCV, Supply Depot  
  50  4:25  SCV  
  50  4:30  Siege Tank  
  54  4:36  Refinery  
  54  4:37  Refinery  
  54  4:43  Marine x2, SCV  
  54  4:44  SCV  
  58  4:46  Supply Depot  
  58  4:55  SCV  
  58  4:56  SCV  
  60  5:01  Marine  
  62  5:07  Siege Tank  
  62  5:08  Raven, SCV x2, Supply Depot  
  62  5:09  Marine  
  65  5:18  Marine  
  65  5:20  SCV x2  
  68  5:25  Orbital Command  
  68  5:27  Marine  
  69  5:32  SCV x2  
  71  5:36  Marine  
  71  5:38  Factory  
  71  5:39  Siege Tank  
  71  5:40  Armory, Factory  
  73  5:44  SCV  
  73  5:45  Marine  
  73  5:47  SCV  
  76  5:50  Banshee  
  76  5:54  Cloaking Field, Marine  
  76  5:55  SCV  
  76  5:56  SCV  
  82  6:00  Supply Depot  
  82  6:03  Marine  
  83  6:05  SCV  
  83  6:06  Engineering Bay  
  83  6:09  SCV  
  85  6:11  Siege Tank  
  85  6:15  Orbital Command  
  85  6:17  SCV  
  89  6:22  SCV  
  89  6:24  Supply Depot  
  88  6:29  SCV  
  88  6:30  Factory Tech Lab  
  84  6:33  Banshee  
  84  6:34  SCV  
  91  6:40  Hellion x2  
  91  6:41  SCV x2, Supply Depot  
  91  6:46  SCV  
  94  6:49  Thor  
  94  6:53  SCV x2, Supply Depot  
  102  6:54  Hyperflight Rotors  
  102  6:58  SCV  
  102  6:59  Thor  
  109  7:05  SCV  
  109  7:06  SCV  
  109  7:07  Bunker  
  111  7:08  Bunker  
  111  7:09  Terran Vehicle Weapons Level 1  
  111  7:13  Hellion x2  
  115  7:16  SCV  
  115  7:19  SCV x2  
  115  7:20  Refinery  
  115  7:22  Refinery  
  118  7:24  Supply Depot  
  118  7:28  SCV  
  119  7:31  SCV  
  119  7:33  Supply Depot  
  120  7:39  SCV  
  120  7:40  Supply Depot  
  120  7:42  Supply Depot  
  120  7:43  Hellion x2  
  125  7:45  Thor  
  131  7:51  Missile Turret  
  131  7:52  Supply Depot  
  131  7:53  Supply Depot  
  131  7:54  Missile Turret  
  131  7:55  SCV x3  
  134  8:01  Thor  
  140  8:07  SCV, Infernal Pre-Igniter  
  140  8:08  Hellion x2  
  140  8:09  Smart Servos  
  145  8:13  SCV  
  145  8:16  Supply Depot  
  145  8:18  Banshee  
  146  8:28  Thor  
  146  8:30  Hellion x2  
  156  8:34  Missile Turret  
  156  8:37  Missile Turret  
  156  8:42  Command Center  
  156  8:45  Thor  
  156  8:48  Supply Depot  
  162  8:51  Hellion  
  162  8:52  Hellion  
  166  9:01  Banshee  
  169  9:03  Factory  
  169  9:05  Factory  
  169  9:12  Thor  
  169  9:13  Hellion x2  
  179  9:19  Supply Depot  
  179  9:21  Missile Turret  
  179  9:23  Missile Turret  
  179  9:25  Missile Turret  
  179  9:27  Thor  
  182  9:35  Hellion  
  186  9:38  Hellion  
  186  9:39  Supply Depot  
  186  9:44  Banshee  
  189  9:51  Factory Tech Lab  
  189  9:52  Factory Tech Lab  
  189  9:55  Thor  
  189  9:56  Hellion  
  197  10:01  Hellion  
  196  10:26  Hellion  
  196  10:27  Hellion  
Tags
 
Add a new tag
Caveats
  • Supply blocks, unpowered buildings, or Contaminate may cause inaccurate times.
  • Supply counts are checked every 10 seconds.